 Dungeon Crawl Stone Soup version 0.29-a0-344-ge2f44be95a (webtiles) character file.

Game seed: 14378213850498832909

2 spaghetti the Caller (level 1, -1/9 HPs)
             Began as a Vine Stalker Summoner on Apr 21, 2022.
             Slain by a quokka (2 damage)
             ... on level 1 of the Dungeon.
             The game lasted 00:00:57 (51 turns).

spaghetti the Caller (Vine Stalker Summoner)          Turns: 51, Time: 00:00:58

Health: -1/9       AC:  2    Str: 10    XL:     1   Next: 30%
Magic:  0/4        EV: 12    Int: 15    God:
Gold:   0          SH:  0    Dex: 14    Spells: 3/4 levels left

rFire   . . .      SeeInvis .   (no weapon)
rCold   . . .      Faith    .   (no shield)
rNeg    . . .      Spirit   +   a - +0 robe
rPois   .          Reflect  .   (no helmet)
rElec   .          Harm     .   (no cloak)
rCorr   .          Rampage  .   (no gloves)
Will    .....                   (no boots)
Stlth   ++........              (no amulet)
HPRegen 0.03/turn               (no ring)
MPRegen 0.09/turn               (no ring)

@: no status effects
A: fangs 2, magic shield, antimagic bite, no potion heal 2
a: no special abilities


You were on level 1 of the Dungeon.
You visited 1 branch of the dungeon, and saw 1 of its levels.


Innate Abilities, Weirdness & Mutations

You have extremely sharp teeth.
When hurt, damage is shared between your health and your magic reserves.
Your bite disrupts and absorbs the magic of your enemies.
Potions cannot restore your health.


   Skills:
 - Level 1.5 Dodging
 * Level 2.7 Stealth
 - Level 2.1 Spellcasting
 - Level 4.0 Summonings


You had 3 spell levels left.
You knew the following spells:

 Your Spells              Type           Power      Damage    Failure   Level
a - Summon Small Mammal   Summ           52%        N/A       4%          1

Your spell library contained the following spells:

 Spells                   Type           Power      Damage    Failure   Level
 Call Imp                 Summ           13%        N/A       6%          2
 Call Canine Familiar     Summ           13%        N/A       13%         3
 Summon Guardian Golem    Hex/Summ       7%         N/A       28%         3
 Summon Lightning Spire   Summ/Air       7%         N/A       67%         4

Inventory:

Armour
 a - a +0 robe (worn)

Dungeon Overview and Level Annotations

Branches:
Dungeon (1/15)

Altars:

Shops:
D:1

*
#############
.........r..#
######r###.#
#.....†r@.#.#
#......r#.#.#
#.......#.#.#
#.#####.#.#.#
. #.#.#.#
#...#.#
########.#
#........#
#.......##


You could see a quokka (ally target), a friendly quokka (summoned) and a
friendly rat (summoned).


Message History

Found Reebuxys's Assorted Antiques.
There is an entrance to Reebuxys's Assorted Antiques here.
You can access your shopping list by pressing '$'.
You can access your shopping list by pressing '$'.
Unknown command.
Key pressed, stopping explore.
A ball python comes into view.
A ball python is nearby!
A ball python is nearby!
A rat comes into view.
A quokka comes into view.
The ball python hisses angrily.
The quokka moves out of view.
You hit the rat. Your bite misses the rat. The rat barely misses you.
You closely miss the rat. You bite the rat.
You kill the rat!
The ball python closely misses you. The ball python grabs you.
The ball python constricts you. 😎 MP[-1]
You lost 1 mp, and now have 3/4 mp.
Casting: Summon Small Mammal (safe; 4% risk of failure)
Confirm with . or Enter, or press ? or * to list all spells.
The ball python bites you but does no damage.
The ball python constricts you. 😎 MP[-1]
You lost 1 mp, and now have 2/4 mp.
Casting: Summon Small Mammal (safe; 4% risk of failure)
Confirm with . or Enter, or press ? or * to list all spells.
The ball python bites you but does no damage.
The ball python constricts you. 😎 MP[-2]
You lost 2 mp, and now have 0/4 mp.
You closely miss the ball python. You bite the ball python.
You drain its power.
You feel invigorated. The ball python barely misses you.
The ball python constricts you.
Your bat hits the ball python. 😎 MP[+4]
Your mp is fully restored (4).
You barely miss the ball python. Your bite misses the ball python.
Your bat completely misses the ball python.
The ball python closely misses you. The ball python constricts you.
The ball python closely misses you. The ball python constricts you.
Your bat misses the ball python. 😕 HP[-2]
You take 2 damage, and now have 7/9 hp.
MASSIVE DAMAGE!! (PAUSE)
You hit the ball python but do no damage.
Your bite misses the ball python. Your bat hits the ball python.
The ball python dies!
Your bat misses the quokka.
The quokka bites you but does no damage.
A quokka is nearby!
Unknown command.
You closely miss the quokka.
Your bat closely misses the quokka.
The quokka barely misses you.
You closely miss the quokka. Your bat hits the quokka.
The quokka twitches its whiskers.
The quokka closely misses you. The quokka bites you. 😕 MP[-1]
You lost 1 mp, and now have 3/4 mp.
You barely miss the quokka.
Your bat hits the quokka but does no damage.
The quokka misses you.
Casting: Summon Small Mammal (safe; 4% risk of failure)
Confirm with . or Enter, or press ? or * to list all spells.
Your bat disappears in a puff of smoke!
The quokka misses you. 😕 MP[-1]
You lost 1 mp, and now have 2/4 mp.
Your bat closely misses the quokka.
The quokka bites you.
* * * LOW HITPOINT WARNING * * *
😨 HP[-4] MP[-1]
You take 4 damage, and now have 3/9 hp.
MASSIVE DAMAGE!! (PAUSE)
You lost 1 mp, and now have 1/4 mp.
Okay, then.
Casting: Summon Small Mammal (safe; 4% risk of failure)
Confirm with . or Enter, or press ? or * to list all spells.
You don't know that spell.
Okay, then.
Unknown command.
You aren't carrying any scrolls.
Casting: Summon Small Mammal (safe; 4% risk of failure)
Confirm with . or Enter, or press ? or * to list all spells.
Your bat disappears in a puff of smoke!
The quokka barely misses you. 😨 MP[-1]
You lost 1 mp, and now have 0/4 mp.
Unknown command.
Okay, then.
Magic courses through your body. The quokka bites you.
* * * LOW HITPOINT WARNING * * *
Your quokka barely misses the quokka.
The quokka barely misses you. 😱 HP[-2] MP[+2]
You take 2 damage, and now have 1/9 hp.
MASSIVE DAMAGE!! (PAUSE)
You regained 2 mp, and now have 2/4 mp.
You closely miss the quokka. Your bite misses the quokka.
Your quokka bites the quokka.
The quokka bites you.
You die...

Action                   || total
-------------------------++-------
Melee: Unarmed           ||     9
       Bite              ||     2
 Cast: Summon Small Mamm ||     4
  Use: Potion            ||     1
Armor: Robe              ||     3
Dodge: Dodged            ||    11

Levels and vault maps discovered:
D:1:      lightli_arrival_lavapool, layout_basic, serial_shops, shop

Notes
Turn   | Place    | Note
-------+----------+-------------------------------------------
     0 | D:1      | spaghetti the Vine Stalker Summoner began the quest for the
                  | Orb.
     0 | D:1      | Reached XP level 1. HP: 9/9 MP: 4/4
     0 | D:1      | magus.rc [v1.9.6]
    16 | D:1      | Found Reebuxys's Assorted Antiques.
    50 | D:1      | HP: 1/9 [quokka (2)]
    51 | D:1      | Slain by a quokka

Vanquished Creatures
  A rat (D:1)
1 creature vanquished.

Vanquished Creatures (collateral kills)
  A ball python (D:1)
1 creature vanquished.

Grand Total: 2 creatures vanquished

Table legend:
 A = Non-vault XP
 B = Vault XP
 C = Vault XP percentage of total XP
 D = Non-vault monster count
 E = Vault monster count
 F = Vault count percentage of total count
                 A         B        C        D         E       F
            +---------+---------+-------+---------+---------+-------
      Total |       3 |       0 |   0.0 |       2 |       0 |   0.0
            +---------+---------+-------+---------+---------+-------
        D:1 |       3 |       0 |   0.0 |       2 |       0 |   0.0
            +---------+---------+-------+---------+---------+-------

Illustrated notes

Table legend:
 A = Kills in this place as a percentage of kills in entire the game.
 B = Kills by you in this place as a percentage of kills by you in the entire game.
 C = Kills by friends in this place as a percentage of kills by friends in the entire game.
 D = Other kills in this place as a percentage of other kills in the entire game.
 E = Experience gained in this place as a percentage of experience gained in the entire game.
 F = Experience gained in this place divided by the number of levels of this place that you have seen.
                   A       B       C       D       E      F
               +-------+-------+-------+-------+-------+----------------------
         Total | 100.0 | 100.0 | 100.0 |   N/A | 100.0 |   3.0
       Dungeon | 100.0 | 100.0 | 100.0 |   N/A | 100.0 |   3.0
               +-------+-------+-------+-------+-------+----------------------

Table legend: (Time is in decaauts)
 A = Elapsed time spent in this place.
 B = Non-inter-level travel time spent in this place.
 C = Inter-level travel time spent in this place.
 D = Time resting spent in this place.
 E = Time spent auto-exploring this place.
 F = Levels seen in this place.
 G = Mean time per level.
                   A        B        C        D        E       F      G
               +--------+--------+--------+--------+--------+-----+--------+
         Total |     51 |     51 |      0 |      0 |     33 |   1 |   51.0 |
       Dungeon |     51 |     51 |      0 |      0 |     33 |   1 |   51.0 |
               +--------+--------+--------+--------+--------+-----+--------+

Top non-repeatable levels by time:
     D:1: 51 daAuts
